PAAA
BAKERSFIELD NOBLES @ ATHLETIC CLUB KC RESERVES
08/31/2022
 
TOP OF THE 1ST
Bakersfield Nobles batting - Pitching for Athletic Club KC Reserves : RHP Alberto Díaz
Pitching: RHP Alberto Díaz
Batting: RHB Ron Gérard 0-0: Called Strike
0-1: Ground out 6-3 (Groundball, 6)
Batting: LHB Jake Shelton 0-0: Called Strike
0-1: Ball
1-1: Ground out U3 (Groundball, 3)
Batting: RHB Vincente Flores 0-0: Ball
1-0: Fly out, F4 (Popup, 34)
Top of the 1st over - 0 run(s), 0 hit(s), 0 error(s), 0 left on base; Bakersfield 0 - Athletic Club KC 0
BOTTOM OF THE 1ST
Athletic Club KC Reserves batting - Pitching for Bakersfield Nobles : RHP Alejandro Arteaga
Pitching: RHP Alejandro Arteaga
Batting: LHB Matt Hartnett 0-0: Fly out, F8 (Flyball, 8LS)
Batting: LHB Lawrence Washington 0-0: Ball
1-0: Foul Ball, location: 2F
1-1: Ball
2-1: Foul Ball, location: 2F
2-2: DOUBLE (Line Drive, 78XD)
Batting: SHB Pedro Vázquez 0-0: Ball
1-0: Called Strike
1-1: Foul Ball, location: 2F
1-2: Fly out, F8 (Flyball, 8RS)
Batting: RHB Bill Dennis 0-0: Ball
1-0: Called Strike
1-1: SINGLE (Groundball, 56D)
Lawrence Washington to third
Batting: RHB Jason Dunn 0-0: Ball
1-0: Ball
2-0: Ball
3-0: Called Strike
3-1: Fly out, F8 (Flyball, 8RS)
Bottom of the 1st over - 0 run(s), 2 hit(s), 0 error(s), 2 left on base; Bakersfield 0 - Athletic Club KC 0
TOP OF THE 2ND
Bakersfield Nobles batting - Pitching for Athletic Club KC Reserves : RHP Alberto Díaz
Batting: LHB Mike Russell 0-0: SINGLE (Line Drive, 5D)
Batting: LHB Luis Velázquez 0-0: Swinging Strike
Passed Ball!
Mike Russell to second
0-1: Ball
1-1: Ball
2-1: Ball
3-1: Base on Balls
Batting: LHB Ricardo Miranda 0-0: Ball
1-0: Ball
2-0: Called Strike
2-1: Foul Ball, location: 2F
2-2: Ball
3-2: Foul Ball, location: 2F
3-2: Foul Ball, location: 2F
3-2: Base on Balls
Mike Russell to third
Luis Velázquez to second
Batting: LHB Emery Miller 0-0: Ball
1-0: Foul Ball, location: 2F
1-1: Ball
2-1: Ball
3-1: Foul Ball, location: 2F
3-2: Fly out, F8 (Flyball, 8RS)
Batting: RHB Juan Alba 0-0: Ball
1-0: Ball
2-0: Called Strike
2-1: Ball
3-1: Fly out, F7 (Flyball, 7LD)
Runner from 3rd tags up, SCORES, no throw
Batting: RHB Luis Jiménez 0-0: Ball
1-0: SINGLE (Line Drive, 56D)
Luis Velázquez to third
Ricardo Miranda to second
Runner from 3rd tries for Home, SAFE, no throw or cutoff
Batting: RHB Ron Gérard 0-0: Ball
1-0: Fielders Choice at 2nd, 6-4 (Groundball, 6)
Top of the 2nd over - 2 run(s), 2 hit(s), 0 error(s), 1 left on base; Bakersfield 2 - Athletic Club KC 0
BOTTOM OF THE 2ND
Athletic Club KC Reserves batting - Pitching for Bakersfield Nobles : RHP Alejandro Arteaga
Batting: RHB Máximo Padilla 0-0: Swinging Strike
0-1: Ball
1-1: SINGLE (Line Drive, 9S)
Batting: RHB Robert Hill 0-0: Swinging Strike
0-1: SINGLE (Groundball, 6MD)
Máximo Padilla to second
Batting: LHB Eduardo López 0-0: Foul Ball, location: 2F
0-1: SINGLE (Line Drive, 34)
Máximo Padilla to third
Robert Hill to second
Batting: RHB Adam Hennessey 0-0: Swinging Strike
0-1: SINGLE (Line Drive, 4MD)
Máximo Padilla scores
Robert Hill to third
Eduardo López to second
Batting: LHB Matt Hartnett 0-0: Fly out, F7 (Flyball, 7LM)
Runner from 3rd tags up, SCORES, throw made
Batting: LHB Lawrence Washington 0-0: Called Strike
0-1: Ball
1-1: Fly out, F9 (Flyball, 89M)
Batting: SHB Pedro Vázquez 0-0: Ball
1-0: Ground out U3 (Groundball, 3L)
Bottom of the 2nd over - 2 run(s), 4 hit(s), 0 error(s), 2 left on base; Bakersfield 2 - Athletic Club KC 2
TOP OF THE 3RD
Bakersfield Nobles batting - Pitching for Athletic Club KC Reserves : RHP Alberto Díaz
Batting: LHB Jake Shelton 0-0: Called Strike
0-1: Swinging Strike
0-2: Ball
1-2: Ball
2-2: Ball
3-2: Strikes out swinging
Batting: RHB Vincente Flores 0-0: Called Strike
0-1: Foul Ball, location: 2F
0-2: Foul Ball, location: 2F
0-2: Ball
1-2: Ball
2-2: Strikes out swinging
Batting: LHB Mike Russell 0-0: Foul Ball, location: 2F
0-1: Fly out, F7 (Flyball, 7S)
Top of the 3rd over - 0 run(s), 0 hit(s), 0 error(s), 0 left on base; Bakersfield 2 - Athletic Club KC 2
BOTTOM OF THE 3RD
Athletic Club KC Reserves batting - Pitching for Bakersfield Nobles : RHP Alejandro Arteaga
Batting: RHB Bill Dennis 0-0: Ball
1-0: Ball
2-0: Swinging Strike
2-1: Foul Ball, location: 2F
2-2: Ball
3-2: Foul Ball, location: 2F
3-2: Fly out, F8 (Flyball, 8RD)
Batting: RHB Jason Dunn 0-0: Ground out 6-3 (Groundball, 6)
Batting: RHB Máximo Padilla 0-0: Swinging Strike
0-1: Fly out, F7 (Flyball, 78M)
Bottom of the 3rd over - 0 run(s), 0 hit(s), 0 error(s), 0 left on base; Bakersfield 2 - Athletic Club KC 2
TOP OF THE 4TH
Bakersfield Nobles batting - Pitching for Athletic Club KC Reserves : RHP Alberto Díaz
Batting: LHB Luis Velázquez 0-0: Fly out, F7 (Flyball, 7M)
Batting: LHB Ricardo Miranda 0-0: Fly out, F8 (Flyball, 8LM)
Batting: LHB Emery Miller 0-0: Ball
1-0: Foul Ball, location: 2F
1-1: Foul Ball, location: 2F
1-2: Fly out, F7 (Flyball, 7M)
Top of the 4th over - 0 run(s), 0 hit(s), 0 error(s), 0 left on base; Bakersfield 2 - Athletic Club KC 2
BOTTOM OF THE 4TH
Athletic Club KC Reserves batting - Pitching for Bakersfield Nobles : RHP Alejandro Arteaga
Batting: RHB Robert Hill 0-0: SINGLE (Line Drive, 7S)
Batting: LHB Eduardo López 0-0: Grounds out, U3 (Groundball, 3L)
Batting: RHB Adam Hennessey 0-0: Ball
1-0: Foul Ball, location: 2F
1-1: Foul Ball, location: 2F
1-2: Ground out 4-3 (Groundball, 4M)
Robert Hill to third
Batting: LHB Matt Hartnett 0-0: Swinging Strike
0-1: Swinging Strike
0-2: Strikes out looking
Bottom of the 4th over - 0 run(s), 1 hit(s), 0 error(s), 1 left on base; Bakersfield 2 - Athletic Club KC 2
TOP OF THE 5TH
Bakersfield Nobles batting - Pitching for Athletic Club KC Reserves : RHP Alberto Díaz
Batting: RHB Juan Alba 0-0: Ground out 5-3 (Groundball, 5S)
Batting: RHB Luis Jiménez 0-0: Ground out 6-3 (Groundball, 6)
Batting: RHB Ron Gérard 0-0: Called Strike
0-1: Fly out, F7 (Flyball, 78M)
Top of the 5th over - 0 run(s), 0 hit(s), 0 error(s), 0 left on base; Bakersfield 2 - Athletic Club KC 2
BOTTOM OF THE 5TH
Athletic Club KC Reserves batting - Pitching for Bakersfield Nobles : RHP Alejandro Arteaga
Batting: LHB Lawrence Washington 0-0: DOUBLE (Flyball, 8LXD)
Batting: SHB Pedro Vázquez 0-0: Ball
1-0: Ball
2-0: Ground out 1-3 (Groundball, 13)
Lawrence Washington to third
Batting: RHB Bill Dennis 0-0: Ball
1-0: Fly out, F7 (Flyball, 7M)
Batting: RHB Jason Dunn 0-0: Ball
1-0: Foul Ball, location: 2F
1-1: SINGLE (Groundball, 4M)
Lawrence Washington scores
Batting: RHB Máximo Padilla 0-0: Called Strike
0-1: Ball
1-1: Swinging Strike
1-2: Ball
2-2: Ball
3-2: SINGLE (Groundball, 13) (infield hit)
Jason Dunn to second
Batting: RHB Robert Hill 0-0: Ball
1-0: Swinging Strike
1-1: Ball
2-1: Called Strike
2-2: Ball
3-2: SINGLE (Line Drive, 56D)
Jason Dunn to third
Máximo Padilla to second
Jason Dunn scores
Máximo Padilla to third
Batting: LHB Eduardo López 0-0: Called Strike
0-1: SINGLE (Groundball, 56D)
Máximo Padilla scores
Robert Hill to second
Batting: RHB Adam Hennessey 0-0: Ball
1-0: Called Strike
1-1: Ball
2-1: Fielders Choice at 2nd, U6 (Groundball, 6M)
Bottom of the 5th over - 3 run(s), 5 hit(s), 0 error(s), 2 left on base; Bakersfield 2 - Athletic Club KC 5
TOP OF THE 6TH
Bakersfield Nobles batting - Pitching for Athletic Club KC Reserves : RHP Alberto Díaz
Batting: LHB Jake Shelton 0-0: Called Strike
0-1: Ball
1-1: Foul Ball, location: 2F
1-2: Ball
2-2: Foul Ball, location: 2F
2-2: Ball
3-2: Base on Balls
Batting: RHB Vincente Flores 0-0: Ball
1-0: Called Strike
Balk!
Jake Shelton to second
1-1: 2-RUN HOME RUN (Flyball, 7D), Distance : 343 ft
Batting: LHB Mike Russell 0-0: SINGLE (Line Drive, 34D)
Batting: LHB Luis Velázquez 0-0: SINGLE (Line Drive, 4D)
Mike Russell to second
Batting: LHB Ricardo Miranda 0-0: Foul Ball, location: 2F
0-1: Ball
1-1: Bunt missed!
1-2: Ball
2-2: Foul Ball, location: 2F
2-2: Ball
3-2: SINGLE (Groundball, 34D)
Mike Russell to third
Luis Velázquez to second
Batting: LHB Emery Miller 0-0: Ball
1-0: Called Strike
1-1: Ball
2-1: Foul Ball, location: 2F
2-2: Strikes out looking
Batting: RHB Juan Alba 0-0: Ball
1-0: Called Strike
1-1: Ball
2-1: Foul Ball, location: 2F
2-2: Ball
3-2: Base on Balls
Mike Russell scores
Luis Velázquez to third
Ricardo Miranda to second
Batting: RHB Luis Jiménez 0-0: Called Strike
0-1: Ball
1-1: Grounds into double play, 6-4-3 (Groundball, 6)
Top of the 6th over - 3 run(s), 4 hit(s), 0 error(s), 2 left on base; Bakersfield 5 - Athletic Club KC 5
BOTTOM OF THE 6TH
Athletic Club KC Reserves batting - Pitching for Bakersfield Nobles : RHP Alejandro Arteaga
Batting: LHB Matt Hartnett 0-0: SINGLE (Groundball, 4M)
Batting: LHB Lawrence Washington 0-0: Called Strike
0-1: Bunt missed!
0-2: Ball
1-2: Foul Ball, location: 2F
1-2: Foul Ball, location: 2F
1-2: Fly out, F8 (Flyball, 89XD)
Batting: SHB Pedro Vázquez 0-0: Ball
1-0: Ball
Wild Pitch!
Matt Hartnett to second
2-0: SINGLE (Flyball, 8RS)
Matt Hartnett to third
Batting: RHB Bill Dennis 0-0: Ball
1-0: Ball
Wild Pitch!
Matt Hartnett scores
Pedro Vázquez to second
2-0: Called Strike
2-1: Fly out, F9 (Flyball, 9M)
Batting: RHB Jason Dunn 0-0: Ball
1-0: Ground out 6-3 (Groundball, 6)
Bottom of the 6th over - 1 run(s), 2 hit(s), 0 error(s), 1 left on base; Bakersfield 5 - Athletic Club KC 6
TOP OF THE 7TH
Bakersfield Nobles batting - Pitching for Athletic Club KC Reserves : RHP Alberto Díaz
Batting: RHB Ron Gérard 0-0: Ground out 1-3 (Groundball, 13)
Batting: LHB Jake Shelton 0-0: Ball
1-0: Ball
2-0: Called Strike
2-1: Foul Ball, location: 2F
2-2: Foul Ball, location: 2F
2-2: Ball
3-2: Fly out, F9 (Flyball, 9M)
Batting: RHB Vincente Flores 0-0: Ball
1-0: Called Strike
1-1: Swinging Strike
1-2: Foul Ball, location: 2F
1-2: SINGLE (Flyball, 9LM)
Batting: LHB Mike Russell 0-0: Ball
1-0: Ground out 4-3 (Groundball, 4)
Top of the 7th over - 0 run(s), 1 hit(s), 0 error(s), 1 left on base; Bakersfield 5 - Athletic Club KC 6
BOTTOM OF THE 7TH
Athletic Club KC Reserves batting - Pitching for Bakersfield Nobles : RHP Alejandro Arteaga
Batting: RHB Máximo Padilla 0-0: Ball
1-0: Ball
2-0: Foul Ball, location: 2F
2-1: Called Strike
2-2: Foul Ball, location: 2F
2-2: Strikes out looking
Batting: RHB Robert Hill 0-0: Swinging Strike
0-1: DOUBLE (Line Drive, 9LM)
Batting: LHB Eduardo López 0-0: Ball
1-0: Fly out, F5 (Line Drive, 56)
1-0: Lined into DP, 5-4 (Line Drive, 56)
Bottom of the 7th over - 0 run(s), 1 hit(s), 0 error(s), 0 left on base; Bakersfield 5 - Athletic Club KC 6
TOP OF THE 8TH
Bakersfield Nobles batting - Pitching for Athletic Club KC Reserves : RHP Alberto Díaz
Batting: LHB Luis Velázquez 0-0: Ball
1-0: Ball
2-0: SINGLE (Line Drive, 56D)
Pitching: LHP Ryan Miller
Batting: LHB Ricardo Miranda 0-0: Sac Bunt - play at first, batter OUT! 5-3
Luis Velázquez to second
Batting: LHB Emery Miller 0-0: Ball
1-0: Ball
2-0: Foul Ball, location: 2F
2-1: Foul Ball, location: 2F
2-2: Ball
3-2: Foul Ball, location: 2F
3-2: Fly out, F8 (Flyball, 8RM)
Pitching: RHP Adrián Muñíz
Pinch Hitting: RHB Manuel Villarreal 0-0: Called Strike
0-1: Ball
1-1: Foul Ball, location: 2F
1-2: Foul Ball, location: 2F
1-2: Ball
2-2: Ball
3-2: Fly out, F3 (Popup, 3L)
Top of the 8th over - 0 run(s), 1 hit(s), 0 error(s), 1 left on base; Bakersfield 5 - Athletic Club KC 6
BOTTOM OF THE 8TH
Athletic Club KC Reserves batting - Pitching for Bakersfield Nobles : RHP Alejandro Arteaga
Now at 3B: Lloyd Alberink
Batting: RHB Adam Hennessey 0-0: Called Strike
0-1: Ball
1-1: Ball
2-1: Called Strike
2-2: Ground out 6-3 (Groundball, 6)
Batting: LHB Matt Hartnett 0-0: Ball
1-0: Called Strike
1-1: Ball
2-1: Fly out, F7 (Flyball, 7LM)
Batting: LHB Lawrence Washington 0-0: Foul Ball, location: 2F
0-1: Swinging Strike
0-2: Ball
1-2: Foul Ball, location: 2F
1-2: Ball
2-2: Foul Ball, location: 2F
2-2: Foul Ball, location: 2F
2-2: Foul Ball, location: 2F
2-2: Ball
3-2: Fly out, F8 (Flyball, 8LXD)
Bottom of the 8th over - 0 run(s), 0 hit(s), 0 error(s), 0 left on base; Bakersfield 5 - Athletic Club KC 6
TOP OF THE 9TH
Bakersfield Nobles batting - Pitching for Athletic Club KC Reserves : RHP Adrián Muñíz
Pitching: RHP Manuel Hernández
Pinch Hitting: RHB Floyd Mitchell 0-0: Ball
1-0: Foul Ball, location: 2F
1-1: Ball
2-1: Ball
3-1: Foul Ball, location: 2F
3-2: Base on Balls
Batting: RHB Ron Gérard 0-0: Sac Bunt - play at second, runner OUT! 1-6
Batting: LHB Jake Shelton 0-0: Ball
1-0: Called Strike
1-1: Foul Ball, location: 2F
1-2: Fly out, F8 (Flyball, 78D)
Now in CF: Joe Guy
Batting: RHB Vincente Flores 0-0: Ground out 4-3 (Groundball, 4)
Top of the 9th over - 0 run(s), 0 hit(s), 0 error(s), 1 left on base; Bakersfield 5 - Athletic Club KC 6
This league is powered by Out of the Park Baseball, the baseball management simulation game for PC, Mac and Linux
Friday, April 15th, 2016 - OOTP Baseball 16.9 Build 39